 Dungeon Crawl Stone Soup version 0.21.1-1-g345015fe64 (webtiles) character file.

19835 Lavandula the Transmogrifier (level 12, 0/118 HPs)
             Began as a Deep Dwarf Transmuter on May 25, 2018.
             Was an Elder of Makhleb.
             Slain by a polar bear (14 damage)
             ... on level 5 of the Lair of Beasts on May 26, 2018.
             The game lasted 00:50:48 (7325 turns).

Lavandula the Transmogrifier (DDTm)                 Turns: 7325, Time: 00:50:48

Health: 0/118      AC:  7    Str: 18    XL:     12   Next: 40%
Magic:  6/15       EV: 13    Int: 15    God:    Makhleb [****..]
Gold:   657        SH:  0    Dex: 16    Spells: 0/24 levels left

rFire    . . .     SeeInvis .     - Unarmed
rCold    . . .     Gourm    .   (shield currently unavailable)
rNeg     . . .     Faith    .   b - +0 robe
rPois    .         Spirit   .   p - +2 helmet
rElec    .         Reflect  .   (no cloak)
rCorr    .         Harm     .   (gloves currently unavailable)
MR       +....                  j - +1 pair of boots
Stlth    +.........             (no amulet)
HPRegen  0.00/turn              O - +3 ring of dexterity
MPRegen  0.14/turn              u - +4 ring of slaying

@: blade hands, non-regenerating
A: damage resistance, heal wounds, sense surroundings 2, no regeneration
a: Heal Wounds, End Transformation, Minor Destruction, Lesser Servant of
Makhleb, Major Destruction, Renounce Religion


You were on level 5 of the Lair of Beasts.
You worshipped Makhleb.
Makhleb was greatly pleased with you.
You were not hungry.
You had blades for hands.
You visited 3 branches of the dungeon, and saw 17 of its levels.

You collected 828 gold pieces.
You spent 171 gold pieces at shops.

Inventory:

Hand Weapons
 z - a +0 blowgun
Missiles
 a - 135 arrows
 n - 52 poisoned needles
 x - 9 curare-tipped needles
 D - 16 tomahawks (quivered)
 N - 2 throwing nets
Armour
 b - a +0 robe (worn)
 j - a +1 pair of boots (worn)
 p - a +2 helmet (worn)
 s - a +0 ring mail of fire resistance
 t - a +2 ring mail of cold resistance
 F - a +2 pair of gloves (melded)
Jewellery
 u - a +4 ring of slaying (right scythe-like blade)
 w - an uncursed ring of poison resistance
 C - an uncursed ring of ice
 O - a +3 ring of dexterity (left scythe-like blade)
 X - an uncursed ring of protection from magic
Wands
 l - a wand of clouds (5)
 J - a wand of iceblast (20)
 Q - a wand of paralysis (4)
 R - a wand of polymorph (17)
Scrolls
 g - 4 scrolls of fear
 k - 7 scrolls of remove curse
 m - 5 scrolls of blinking
 q - 6 scrolls of teleportation
 r - a scroll of fog {unknown}
 y - a scroll of immolation {unknown}
 G - a scroll of noise {unknown}
 H - a scroll of magic mapping {unknown}
 I - a scroll of enchant weapon
 L - 3 scrolls of amnesia {unknown}
 M - a scroll of torment {unknown}
 T - a scroll of holy word {unknown}
 U - a scroll of vulnerability {unknown}
 W - a scroll of summoning {unknown}
 Y - a scroll of enchant armour
Potions
 e - 6 potions of haste {unknown}
 f - a potion of resistance {unknown}
 h - a potion of brilliance {unknown}
 i - 2 potions of magic {unknown}
 o - a potion of berserk rage
 v - a potion of ambrosia {unknown}
 A - 8 potions of curing
 B - 3 potions of agility
 E - 3 potions of flight {unknown}
 K - 2 potions of heal wounds
 P - 2 potions of lignification {unknown}
 V - a potion of cancellation {unknown}
Books
 c - a book of Changes

   Spells                             Type                      Level
   a - Beastly Appendage              Transmutation                1
   b - Sticks to Snakes               Transmutation                2
   c - Spider Form                    Transmutation/Poison         3
   d - Ice Form                       Ice/Transmutation            4
   e - Blade Hands                    Transmutation                5
Comestibles
 d - 24 rations
 S - 3 chunks of flesh


   Skills:
 + Level 10.8 Fighting
 - Level 2.1 Dodging
 - Level 8.5 Unarmed Combat
 - Level 6.5 Spellcasting
 - Level 11.0 Transmutations
 - Level 6.2 Evocations


You couldn't memorise any spells.
You knew the following spells:

 Your Spells              Type           Power        Failure   Level  Hunger
a - Beastly Appendage     Tmut           #####.       8%          1    None
b - Sticks to Snakes      Tmut           #####...     9%          2    #......
c - Spider Form           Tmut/Pois      ###.......   30%         3    ##.....
d - Blade Hands           Tmut           #####.....   30%         5    ######.
e - Ozocubu's Armour      Chrm/Ice       #.......     80%         3    ##.....
f - Hydra Form            Tmut           #####.....   65%         6    #######
g - Ice Form              Ice/Tmut       ###.....     54%         4    ####...


Dungeon Overview and Level Annotations

Branches:
Dungeon (11/15)            Temple (1/1) D:6            Lair (5/6) D:11
    Orc (0/2) D:9
  Swamp: Lair:2-4    Shoals: Lair:2-4     Snake: Lair:2-4    Spider: Lair:2-4
  Slime: Lair:5-6

Altars:
Ashenzari
Cheibriados
Dithmenos
Elyvilon
Fedhas
Hepliaklqana
Makhleb
Nemelex Xobeh
Okawaru
Qazlal
Ru
Sif Muna
Trog
Uskayaw
Wu Jian
Xom
Yredelemnul
Zin

Shops:
D:4 }!:   D:7 :   D:9 %   D:10 *

Annotations:
D:11 Nergalle
Lair:1 Harold


Innate Abilities, Weirdness & Mutations

You are resistant to damage.
You can heal yourself by infusing magical energy.
You passively map the area around you.
You do not regenerate.


Message History

Makhleb accepts your kill.
A polar bear comes into view.
Found a stone staircase leading down.
Found 15 stones.
You slice the polar bear!!
The polar bear is heavily wounded.
The polar bear bites you!
* * * LOW HITPOINT WARNING * * *
The polar bear claws you but does no damage.
The polar bear claws you.
* * * LOW HITPOINT WARNING * * *
You hit the polar bear but do no damage.
The polar bear is heavily wounded.
The polar bear bites you!
* * * LOW HITPOINT WARNING * * *
The polar bear completely misses you. The polar bear barely misses you.
You hit the polar bear. You slash the polar bear!
The polar bear is severely wounded.
The polar bear bites you!
You die...

##........#.# ### ##
# #.#........## #
##........##
##........# *
#*##....†..## *** *
* *###P#........P###
P.........(.....P *
, , ,,
...........)......,
,
,,.........@........
, , , ,
..>$......h....... ,
, , , , ,
.............<.... ,
................., ,
.................,,
, , ,,
......P...>......, ,
.###P...##..(##. * *
, ** ##..# ####* * *
* ** *


You could see a polar bear.

Vanquished Creatures
  2 hydras
  A death knight (D:11)
  A two-headed ogre (D:10)
  Sonja (Lair:2)
  The ghost of Dickchan the Archer, a novice CeHu of Okawaru (D:7)
  3 ugly things
  An elephant (D:11)
  5 komodo dragons
  2 spiny frogs (Lair:2)
  2 rime drakes
  2 trolls (D:10)
  A queen bee (D:8)
  3 hippogriffs
  2 tyrant leeches (Lair:2)
  Sigmund (D:3)
  A vampire (D:10)
  A wyvern (D:9)
  7 yaks
  2 hungry ghosts
  5 water moccasins
  A sky beast (D:9)
  7 orc warriors
  3 porcupines (Lair:5)
  2 ice beasts
  A necrophage (D:9)
  2 phantoms (D:10)
  8 ogres
  10 wolves
  6 centaurs
  6 crocodiles
  A big kobold (D:9)
  10 bullfrogs
  A wyvern zombie (D:10)
  2 wyvern skeletons
  2 scorpions
  26 killer bees
  3 wights (D:10)
  3 howler monkeys
  3 crimson imps
  3 bullfrog skeletons
  6 orc priests
  A gnoll shaman (D:4)
  3 jellies
  9 hounds
  2 centaur skeletons
  7 orc wizards
  Jessica (D:2)
  3 iguanas
  7 worker ants
  A hound zombie (D:9)
  A worker ant zombie (D:5)
  Robin (D:3)
  2 hound skeletons
  A howler monkey zombie (D:5)
  15 adders
  3 gnolls (D:4)
  A howler monkey skeleton (D:5)
  A shadow imp (D:9)
  2 adder zombies
  An adder skeleton (D:5)
  A worm (D:2)
  4 leopard geckos
  39 orcs
  7 giant cockroaches
  10 hobgoblins
  3 jackals (D:6)
  5 quokkas
  2 ball pythons (D:5)
  7 bats
  4 frilled lizards
  14 goblins
  A jackal skeleton (D:4)
  11 kobolds
  A leopard gecko skeleton (D:6)
  7 rats
328 creatures vanquished.

Vanquished Creatures (collateral kills)
  2 cyclopes (D:11)
  A jelly (D:11)
3 creatures vanquished.

Vanquished Creatures (others)
  A fungus (Lair:1)
1 creature vanquished.

Grand Total: 332 creatures vanquished

Notes
Turn   | Place    | Note
-------+----------+-------------------------------------------
     0 | D:1      | Lavandula the Deep Dwarf Transmuter began the quest for the Orb.
     0 | D:1      | Reached XP level 1. HP: 16/16 MP: 3/3
    68 | D:1      | Reached XP level 2. HP: 24/24 MP: 4/4
   274 | D:1      | Learned a level 2 spell: Sticks to Snakes
   416 | D:2      | Reached XP level 3. HP: 21/30 MP: 1/5
   565 | D:2      | Found a deep blue altar of Sif Muna.
   715 | D:2      | You fall through a shaft for 2 floors!
   724 | D:4      | Noticed a killer bee
   735 | D:4      | Killed a killer bee
   735 | D:4      | Reached XP level 4. HP: 30/39 MP: 5/5
   751 | D:4      | Reached XP level 5. HP: 29/46 MP: 1/6
   780 | D:4      | Reached skill level 5 in Unarmed Combat
   829 | D:4      | Found Vuluvyush's Gadget Shop.
   855 | D:4      | Reached XP level 6. HP: 33/55 MP: 6/6
   893 | D:4      | Learned a level 3 spell: Spider Form
   931 | D:4      | Reached skill level 2 in Transmutations
  1152 | D:3      | Noticed Sigmund
  1170 | D:3      | Killed Sigmund
  1170 | D:3      | Reached skill level 3 in Transmutations
  1170 | D:3      | Reached XP level 7. HP: 54/61 MP: 1/7
  1185 | D:2      | Noticed Jessica
  1195 | D:2      | Killed Jessica
  1195 | D:2      | Reached skill level 4 in Transmutations
  1197 | D:2      | Found a hazy altar of Hepliaklqana.
  1338 | D:3      | Noticed Robin
  1568 | D:3      | Killed Robin
  1590 | D:4      | Found Yzuriud's Book Shoppe.
  1590 | D:4      | Found Dupia's Distillery.
  1604 | D:4      | Bought a potion of degeneration for 11 gold pieces
  1604 | D:4      | Bought a potion of heal wounds for 55 gold pieces
  1604 | D:4      | Bought a potion of curing for 33 gold pieces
  1604 | D:4      | Bought a potion of agility for 44 gold pieces
  1638 | D:4      | Reached skill level 5 in Transmutations
  1732 | D:4      | Reached skill level 6 in Transmutations
  1882 | D:5      | Entered Level 5 of the Dungeon
  1917 | D:5      | Reached XP level 8. HP: 33/68 MP: 6/8
  1959 | D:5      | Found a stormy altar of Qazlal.
  2288 | D:6      | Found a staircase to the Ecumenical Temple.
  2305 | Temple   | Entered the Ecumenical Temple
  3022 | D:6      | Reached skill level 5 in Spellcasting
  3230 | D:6      | Learned a level 5 spell: Blade Hands
  3412 | D:7      | Found a glowing silver altar of Zin.
  3413 | D:7      | Found Dawioz's Book Shoppe.
  3629 | D:7      | Gained mutation: You passively map the area around you. [Deep Dwarf growth]
  3629 | D:7      | Reached XP level 9. HP: 33/74 MP: 6/13
  3776 | D:7      | Noticed Dickchan's ghost (novice CeHu)
  3785 | D:7      | Killed Dickchan's ghost
  3785 | D:7      | Reached skill level 7 in Transmutations
  3876 | D:7      | Reached skill level 8 in Transmutations
  3957 | D:7      | Found a burning altar of Makhleb.
  3965 | D:7      | Became a worshipper of Makhleb the Destroyer
  4161 | D:8      | Reached skill level 9 in Transmutations
  4182 | D:8      | Noticed a queen bee
  4199 | D:8      | Killed a queen bee
  4225 | D:8      | Reached skill level 10 in Transmutations
  4240 | D:8      | Reached XP level 10. HP: 31/81 MP: 3/14
  4352 | D:8      | Reached * piety under Makhleb
  4801 | D:9      | Reached skill level 11 in Transmutations
  4834 | D:9      | Reached ** piety under Makhleb
  4898 | D:9      | Found a staircase to the Orcish Mines.
  5094 | D:9      | Found Oliggaek's Food Shop.
  5200 | D:10     | Entered Level 10 of the Dungeon
  5221 | D:10     | Reached skill level 5 in Fighting
  5298 | D:10     | Learned a level 3 spell: Ozocubu's Armour
  5310 | D:10     | Found Yhiel's Assorted Antiques.
  5344 | D:10     | Bought a scroll labeled OLUMI IRRUJI for 28 gold pieces
  5445 | D:10     | Reached *** piety under Makhleb
  5452 | D:10     | Reached XP level 11. HP: 95/100 MP: 10/15
  5483 | D:10     | Noticed a two-headed ogre
  5507 | D:10     | Killed a two-headed ogre
  5520 | D:10     | Noticed a purple ugly thing
  5522 | D:10     | Noticed a white ugly thing
  5526 | D:10     | Killed a purple ugly thing
  5530 | D:10     | Killed a white ugly thing
  5904 | D:11     | Noticed Nergalle
  5905 | D:11     | Noticed a death knight
  6114 | D:11     | Identified Sif Muna's Catalogue of Venomous Transmutation
  6123 | D:11     | Learned a level 6 spell: Hydra Form
  6188 | D:11     | Noticed a four-headed hydra
  6189 | D:11     | Noticed a cyan ugly thing
  6222 | D:11     | Killed a four-headed hydra
  6227 | D:11     | Killed a cyan ugly thing
  6298 | D:11     | Killed a death knight
  6439 | D:11     | Found a staircase to the Lair.
  6459 | Lair:1   | Entered Level 1 of the Lair of Beasts
  6500 | Lair:1   | Reached **** piety under Makhleb
  6536 | Lair:2   | Noticed Sonja
  6540 | Lair:2   | Noticed Harold
  6675 | Lair:2   | Killed Sonja
  6736 | Lair:2   | Reached XP level 12. HP: 53/115 MP: 9/15
  6744 | Lair:2   | Reached skill level 5 in Evocations
  6909 | Lair:3   | Noticed a four-headed hydra
  6994 | Lair:2   | Learned a level 4 spell: Ice Form
  7100 | Lair:3   | Noticed a four-headed hydra
  7109 | Lair:3   | Reached skill level 10 in Fighting
  7143 | Lair:3   | Killed a four-headed hydra
  7325 | Lair:5   | Slain by a polar bear

Skill      XL: |  1  2  3  4  5  6  7  8  9 10 11 12 |
---------------+-------------------------------------+-----
Unarmed Combat | 3 4 5 6 8 |  8.5
Fighting       | 2 7 9 10 | 10.8
Transmutations | 3 6 10 11 | 11.0
Spellcasting   | 6 |  6.5
Evocations     | 4 6 |  6.2
Dodging        | |  2.1

Action                   |  1- 3 |  4- 6 |  7- 9 | 10-12 || total
-------------------------+-------+-------+-------+-------++-------
Melee: Unarmed           |   108 |   126 |   414 |   428 ||  1076
       Kick              |    12 |    17 |       |       ||    29
       Punch             |     1 |     1 |       |    12 ||    14
 Cast: Beastly Appendage |    14 |     7 |     1 |       ||    22
       Sticks to Snakes  |     1 |     1 |       |     9 ||    11
       Spider Form       |       |     4 |    38 |     1 ||    43
       Blade Hands       |       |       |     7 |    42 ||    49
       Hydra Form        |       |       |       |     6 ||     6
       Ozocubu's Armour  |       |       |       |     3 ||     3
       Ice Form          |       |       |       |     1 ||     1
 Abil: Heal Wounds       |     2 |     6 |    15 |    11 ||    34
       End Transformatio |       |       |     1 |     1 ||     2
Evoke: Wand              |       |       |       |     7 ||     7
  Use: Scroll            |     5 |     1 |     4 |     8 ||    18
       Potion            |       |       |     2 |     1 ||     3
 Stab: Sleeping          |     1 |     1 |     2 |     1 ||     5
       Paralysed         |       |       |       |     2 ||     2
  Eat: Chunk             |       |     3 |    16 |    13 ||    32
       Ration            |       |       |       |     2 ||     2
Armor: Robe              |    27 |    32 |    38 |    63 ||   160
       Skin              |       |       |    10 |    32 ||    42
Dodge: Dodged            |    62 |   120 |   295 |   244 ||   721
